Map: Kairos Junction LE

Players

Smeeeger

  • Race: Zerg Zerg
  • League: Platinum
  • Spawn Location: 11:00

KachunK - Winner!

  • Race: Protoss Protoss
  • League: Platinum
  • Spawn Location: 5:00

VOD

Have the link to the VOD?

Description

Time

  • Played on: July 12, 2019, 6:12 p.m.
  • Length: 8:25
Show
View Real Time Build Order
Export as new Build Order

Smeeeger Zerg 

Build Orders: Pool First 

Get SALT Encoding   

  12  0:01  Drone  
  13  0:16  Overlord  
  13  0:18  Drone  
  14  0:34  Drone x2  
  16  0:39  Drone  
  17  0:49  Drone  
  18  0:53  Spawning Pool  
  17  1:24  Drone  
  18  1:27  Overlord  
  18  1:31  Hatchery  
  17  1:42  Drone x2, Extractor  
  18  1:49  Zergling x2  
  19  2:02  Zergling x2  
  20  2:15  Drone  
  21  2:28  Zergling x2  
  22  2:31  Zergling x2  
  22  2:32  Queen  
  25  2:42  Overlord  
  25  2:50  Metabolic Boost  
  23  2:59  Zergling x2  
  23  3:00  Zergling x4  
  24  3:08  Roach Warren, Queen  
  25  3:13  Spine Crawler  
  25  3:14  Drone, Spine Crawler  
  25  3:15  Drone x2  
  25  3:27  Drone x3, Extractor  
  26  3:48  Roach  
  26  3:49  Roach x3  
  26  3:51  Overlord  
  32  4:09  Ravager  
  33  4:11  Ravager  
  34  4:21  Drone x3  
  36  4:25  Ravager  
  37  4:42  Roach x2  
  37  4:43  Roach  
  43  5:05  Hatchery  
  42  5:16  Roach x2  
  42  5:19  Overlord  
  46  5:41  Overlord  
  46  5:48  Ravager x4  
  46  5:49  Overlord x2  
  50  6:21  Hatchery  
  50  6:22  Drone x2  
  50  6:23  Drone x2  
  53  6:25  Queen  
  44  7:01  Roach x7  
  49  7:05  Drone  
  49  7:06  Drone  
  51  7:13  Roach  
  51  7:14  Extractor  
  47  7:21  Ravager  
  47  7:22  Ravager, Spine Crawler  
  48  7:23  Ravager  
  48  7:27  Zergling x2  
  50  7:33  Roach  
  50  7:35  Drone  
  50  7:36  Drone  
  54  7:40  Drone  
  54  7:42  Drone  
  56  7:49  Roach  
  51  8:03  Roach  
  51  8:04  Roach x3  
Show
View Real Time Build Order
Export as new Build Order

KachunK Protoss - Winner!

Build Orders: Forge Fast Expand (FFE) 

Get SALT Encoding   

  1  0:00  Probe  
  12  0:06  Probe  
  14  0:16  Probe  
  15  0:25  Pylon  
  15  0:43  Probe  
  15  0:45  Forge  
  16  0:55  Probe  
  17  1:07  Probe  
  17  1:10  Pylon  
  18  1:30  Photon Cannon  
  18  1:35  Nexus  
  18  1:40  Pylon  
  18  1:45  Probe  
  19  1:56  Gateway  
  19  2:11  Assimilator  
  19  2:12  Pylon  
  19  2:16  Assimilator  
  19  2:20  Photon Cannon  
  19  2:36  Photon Cannon  
  19  2:44  Photon Cannon  
  19  2:47  Pylon  
  19  2:49  Probe  
  20  2:51  Probe  
  21  3:06  Probe  
  21  3:07  Probe  
  23  3:13  Pylon  
  23  3:15  Probe  
  24  3:21  Probe  
  24  3:24  Probe  
  25  3:29  Pylon  
  25  3:33  Probe  
  27  3:36  Probe  
  28  3:42  Probe  
  28  3:44  Zealot  
  31  3:49  Probe  
  31  3:50  Probe  
  33  4:01  Probe, Photon Cannon  
  33  4:02  Probe  
  35  4:10  Cybernetics Core  
  35  4:16  Photon Cannon  
  35  4:22  Zealot  
  37  4:31  Gateway  
  37  4:36  Pylon  
  37  4:40  Gateway  
  37  4:43  Gateway  
  37  4:46  Warp Gate  
  37  4:49  Twilight Council  
  37  4:53  Probe  
  37  4:56  Charge  
  37  4:59  Stalker  
  40  5:02  Gateway  
  40  5:09  Gateway  
  40  5:18  Stalker  
  42  5:30  Stalker x3  
  48  5:48  Stalker  
  50  5:51  Stalker  
  50  5:56  Stalker  
  54  6:00  Stalker  
  54  6:03  Robotics Facility  
  56  6:32  Pylon  
  56  6:37  Zealot x3  
  62  6:40  Photon Cannon  
  48  7:08  Zealot x6  
  56  7:20  Immortal  
  60  7:29  Zealot  
  62  7:30  Zealot x4  
  70  7:38  Pylon  
  70  7:43  Photon Cannon, Pylon  
  70  7:48  Pylon  
  70  7:53  Pylon  
  62  8:10  Zealot x6  
Tags
 
Add a new tag
Caveats
  • Supply blocks, unpowered buildings, or Contaminate may cause inaccurate times.
  • Supply counts are checked every 10 seconds.